TOP OF THE 1ST |
West Michigan Whitecaps batting - Pitching for Lake County Captains : RHP Nesty Pulido
|
Pitching: RHP Nesty Pulido
|
|
Batting: RHB Janne Vihko
|
0-0: Ball 1-0: Foul Ball, location: 2F 1-1: Fly out, F8 (Flyball, 8RM, EV 91.9 MPH)
|
Batting: RHB Tanner Purchase
|
0-0: Ball 1-0: Ball 2-0: Swinging Strike 2-1: Ball 3-1: SINGLE (Groundball, 34D, EV 100.0 MPH)
|
Batting: LHB Jon Frederick
|
0-0: Ball Tanner Purchase steals 2nd, throwing error, E2 Tanner Purchase to third 1-0: Ball 2-0: Called Strike 2-1: Foul Ball, location: 2F 2-2: SINGLE (Groundball, 4MD, EV 94.4 MPH) Tanner Purchase scores
|
Batting: RHB J.J. Basil
|
0-0: Ball 1-0: Called Strike 1-1: Ball 2-1: SINGLE (Line Drive, 89M, EV 91.9 MPH) Jon Frederick to second Runner from 2nd tries for 3rd, SAFE, throw by RF made to third J.J. Basil to second
|
Batting: LHB Afanasy Zasekin
|
0-0: Called Strike 0-1: Hit by Pitch
|
Batting: RHB Joel Miller
|
0-0: Ball 1-0: Ball 2-0: Ball 3-0: Base on Balls Jon Frederick scores J.J. Basil to third Afanasy Zasekin to second
|
Batting: RHB Keith Hoffman
|
0-0: Called Strike 0-1: Called Strike 0-2: Ball 1-2: Ball 2-2: Foul Ball, location: 2F 2-2: Ball 3-2: Grounds into double play, 4-6-3 (Groundball, 4, EV 104.4 MPH)
|
Top of the 1st over - 2 runs, 3 hits, 1 error, 2 left on base; West Michigan 2 - Lake County 0 |
BOTTOM OF THE 1ST |
Lake County Captains batting - Pitching for West Michigan Whitecaps : RHP Jared Barger
|
Pitching: RHP Jared Barger
|
|
Batting: RHB Chris Fitzgerald
|
0-0: Ball 1-0: Called Strike 1-1: Called Strike 1-2: Foul Ball, location: 2F 1-2: Ground out 5-3 (Groundball, 5S, EV 61.2 MPH)
|
Batting: RHB Josh Patterson
|
0-0: Ball 1-0: Swinging Strike 1-1: Foul Ball, location: 2F 1-2: Ground out 4-3 (Groundball, 4M, EV 84.4 MPH)
|
Batting: LHB Esteban Cordova
|
0-0: Called Strike 0-1: Foul Ball, location: 2F 0-2: Foul Ball, location: 2F 0-2: DOUBLE (Flyball, 78XD, EV 101.2 MPH)
|
Batting: LHB Frank Hill
|
0-0: Called Strike 0-1: Called Strike 0-2: Ball 1-2: Ball Wild Pitch! Esteban Cordova to third 2-2: Strikes out swinging
|
Bottom of the 1st over - 0 runs, 1 hit, 0 errors, 1 left on base; West Michigan 2 - Lake County 0 |
TOP OF THE 2ND |
West Michigan Whitecaps batting - Pitching for Lake County Captains : RHP Nesty Pulido
|
Batting: RHB Norm Wood
|
0-0: Ball 1-0: SINGLE (Line Drive, 3D, EV 96.9 MPH)
|
Batting: LHB Nick Nino
|
0-0: Called Strike Norm Wood steals 2nd base 0-1: Ball 1-1: Ball 2-1: Called Strike 2-2: Strikes out looking
|
Batting: RHB Janne Vihko
|
0-0: Swinging Strike 0-1: Ground out 6-3 (Groundball, 6MS, EV 71.9 MPH) Norm Wood to third
|
Batting: RHB Tanner Purchase
|
0-0: Swinging Strike 0-1: Ball Passed Ball! Norm Wood scores 1-1: Foul Ball, location: 2F 1-2: Ball 2-2: Ball 3-2: Foul Ball, location: 2F 3-2: Reached on error, E6 (Groundball, 6, EV 85.6 MPH)
|
Batting: LHB Jon Frederick
|
0-0: Ball 1-0: Ball 2-0: Fly out, F7 (Flyball, 78D, EV 77.5 MPH)
|
Top of the 2nd over - 1 run, 1 hit, 1 error, 1 left on base; West Michigan 3 - Lake County 0 |
BOTTOM OF THE 2ND |
Lake County Captains batting - Pitching for West Michigan Whitecaps : RHP Jared Barger
|
Batting: RHB Carlos Abrego
|
0-0: Foul Ball, location: 2F 0-1: Foul Ball, location: 2F 0-2: Ball 1-2: Foul Ball, location: 2F 1-2: Foul Ball, location: 2F 1-2: Strikes out swinging
|
Batting: RHB Willie Gonzales
|
0-0: Ball 1-0: Ground out U3 (Groundball, 34, EV 84.4 MPH)
|
Batting: RHB Steve Gusman
|
0-0: Called Strike 0-1: Called Strike 0-2: Ball 1-2: Ball 2-2: Ball 3-2: Fly out, F7 (Flyball, 7D, EV 103.1 MPH)
|
Bottom of the 2nd over - 0 runs, 0 hits, 0 errors, 0 left on base; West Michigan 3 - Lake County 0 |
TOP OF THE 3RD |
West Michigan Whitecaps batting - Pitching for Lake County Captains : RHP Nesty Pulido
|
Batting: RHB J.J. Basil
|
0-0: SOLO HOME RUN (Flyball, 9D, EV 101.9 MPH), Distance : 372 ft
|
Batting: LHB Afanasy Zasekin
|
0-0: Ball 1-0: Called Strike 1-1: Swinging Strike 1-2: Ball 2-2: Foul Ball, location: 2F 2-2: Ball 3-2: Ground out 3-1 (Groundball, 34, EV 85.0 MPH)
|
Batting: RHB Joel Miller
|
0-0: Called Strike 0-1: SOLO HOME RUN (Flyball, 7D, EV 98.8 MPH), Distance : 385 ft
|
Batting: RHB Keith Hoffman
|
0-0: Called Strike 0-1: Swinging Strike 0-2: Ball 1-2: Foul Ball, location: 2F 1-2: Ball 2-2: Foul Ball, location: 2F 2-2: Strikes out swinging
|
Batting: RHB Norm Wood
|
0-0: Ball 1-0: Swinging Strike 1-1: Ball 2-1: Foul Ball, location: 2F 2-2: Foul Ball, location: 2F 2-2: Strikes out swinging
|
Top of the 3rd over - 2 runs, 2 hits, 0 errors, 0 left on base; West Michigan 5 - Lake County 0 |
BOTTOM OF THE 3RD |
Lake County Captains batting - Pitching for West Michigan Whitecaps : RHP Jared Barger
|
Batting: RHB Tony Gonzales
|
0-0: Ball 1-0: Ball 2-0: Called Strike 2-1: Swinging Strike 2-2: Strikes out swinging
|
Batting: RHB Juan Ordonez
|
0-0: Foul Ball, location: 2F 0-1: Ball 1-1: Ground out 6-3 (Groundball, 6S, EV 79.4 MPH)
|
Batting: RHB Chris Fitzgerald
|
0-0: Ball 1-0: Called Strike 1-1: Ground out 5-3 (Groundball, 5S, EV 90.0 MPH)
|
Bottom of the 3rd over - 0 runs, 0 hits, 0 errors, 0 left on base; West Michigan 5 - Lake County 0 |
TOP OF THE 4TH |
West Michigan Whitecaps batting - Pitching for Lake County Captains : RHP Nesty Pulido
|
Batting: LHB Nick Nino
|
0-0: Reached on error, E5 (Groundball, 56, EV 85.6 MPH)
|
Batting: RHB Janne Vihko
|
0-0: Called Strike 0-1: Foul Ball, location: 2F 0-2: Foul Ball, location: 2F 0-2: Foul Ball, location: 2F 0-2: Foul Ball, location: 2F 0-2: Foul Ball, location: 2F 0-2: Ball 1-2: Foul Ball, location: 2F 1-2: DOUBLE (Flyball, 8RD, EV 108.1 MPH) Nick Nino scores
|
Batting: RHB Tanner Purchase
|
0-0: DOUBLE (Line Drive, 9LS, EV 112.5 MPH) Janne Vihko scores
|
Pitching: RHP Mike Borell
|
|
Batting: LHB Jon Frederick
|
0-0: Ball 1-0: Called Strike 1-1: Fly out, F8 (Flyball, 78XD, EV 93.8 MPH) Runner from 2nd tags up, SAFE at 3rd, no throw by CF
|
Batting: RHB J.J. Basil
|
0-0: Called Strike 0-1: Ball 1-1: Ball 2-1: Foul Ball, location: 2F 2-2: Fly out, F7 (Line Drive, 78M, EV 87.5 MPH)
|
Batting: LHB Afanasy Zasekin
|
0-0: Foul Ball, location: 2F 0-1: Fly out, F7 (Flyball, 78S, EV 89.4 MPH)
|
Top of the 4th over - 2 runs, 2 hits, 1 error, 1 left on base; West Michigan 7 - Lake County 0 |
BOTTOM OF THE 4TH |
Lake County Captains batting - Pitching for West Michigan Whitecaps : RHP Jared Barger
|
Batting: RHB Josh Patterson
|
0-0: Called Strike 0-1: Ball 1-1: Ball 2-1: Swinging Strike 2-2: Ball 3-2: Base on Balls
|
Batting: LHB Esteban Cordova
|
0-0: Called Strike 0-1: Fly out, F7 (Flyball, 7S, EV 79.4 MPH)
|
Batting: LHB Frank Hill
|
0-0: Called Strike 0-1: SINGLE (Line Drive, 8RS, EV 105.6 MPH) Josh Patterson to second
|
Batting: RHB Carlos Abrego
|
0-0: Ball 1-0: Called Strike 1-1: Ball 2-1: Fielders Choice at 2nd, 4-6 (Groundball, 4, EV 105.6 MPH) Josh Patterson to third
|
Batting: RHB Willie Gonzales
|
0-0: Ball 1-0: Called Strike 1-1: Swinging Strike 1-2: Foul Ball, location: 2F 1-2: Ball 2-2: Foul Ball, location: 2F 2-2: Ball 3-2: Foul Ball, location: 2F 3-2: Foul Ball, location: 2F 3-2: Foul Ball, location: 2F 3-2: Foul Ball, location: 2F 3-2: SINGLE (Groundball, 6MD, EV 100.6 MPH) Josh Patterson scores Carlos Abrego to second Carlos Abrego to third
|
Batting: RHB Steve Gusman
|
0-0: Called Strike 0-1: Foul Ball, location: 2F 0-2: Ball 1-2: Ball 2-2: Ball 3-2: Strikes out looking
|
Bottom of the 4th over - 1 run, 2 hits, 0 errors, 2 left on base; West Michigan 7 - Lake County 1 |
TOP OF THE 5TH |
West Michigan Whitecaps batting - Pitching for Lake County Captains : RHP Mike Borell
|
Batting: RHB Joel Miller
|
0-0: Swinging Strike 0-1: Ball 1-1: Called Strike 1-2: Strikes out swinging
|
Batting: RHB Keith Hoffman
|
0-0: Called Strike 0-1: Swinging Strike 0-2: Ball 1-2: Ball 2-2: Foul Ball, location: 2F 2-2: Foul Ball, location: 2F 2-2: Strikes out swinging
|
Batting: RHB Norm Wood
|
0-0: Foul Ball, location: 2F 0-1: Ball 1-1: Ground out 6-3 (Groundball, 56, EV 105.0 MPH)
|
Top of the 5th over - 0 runs, 0 hits, 0 errors, 0 left on base; West Michigan 7 - Lake County 1 |
BOTTOM OF THE 5TH |
Lake County Captains batting - Pitching for West Michigan Whitecaps : RHP Jared Barger
|
Batting: RHB Tony Gonzales
|
0-0: Ball 1-0: Foul Ball, location: 2F 1-1: Ball 2-1: Fly out, F3 (Line Drive, 3, EV 64.4 MPH)
|
Batting: RHB Juan Ordonez
|
0-0: Ball 1-0: Swinging Strike 1-1: Ball 2-1: Swinging Strike 2-2: Ball 3-2: Strikes out swinging
|
Batting: RHB Chris Fitzgerald
|
0-0: Foul Ball, location: 2F 0-1: Foul Ball, location: 2F 0-2: Fly out, F4 (Popup, 4, EV 50.0 MPH)
|
Bottom of the 5th over - 0 runs, 0 hits, 0 errors, 0 left on base; West Michigan 7 - Lake County 1 |
TOP OF THE 6TH |
West Michigan Whitecaps batting - Pitching for Lake County Captains : RHP Mike Borell
|
Batting: LHB Nick Nino
|
0-0: Ball 1-0: Ground out 3-1 (Groundball, 34, EV 97.5 MPH)
|
Batting: RHB Janne Vihko
|
0-0: Ball 1-0: Called Strike 1-1: SINGLE (Groundball, 4M, EV 99.4 MPH) (infield hit)
|
Batting: RHB Tanner Purchase
|
0-0: Foul Ball, location: 2F 0-1: Called Strike 0-2: Ball 1-2: Ball 2-2: Fielders Choice at 2nd, 6-4 (Groundball, 6M, EV 86.2 MPH)
|
Batting: LHB Jon Frederick
|
0-0: Called Strike Tanner Purchase steals 2nd base 0-1: Ball 1-1: Called Strike 1-2: Ball 2-2: Ground out 4-3 (Groundball, 34D, EV 78.1 MPH)
|
Top of the 6th over - 0 runs, 1 hit, 0 errors, 1 left on base; West Michigan 7 - Lake County 1 |
BOTTOM OF THE 6TH |
Lake County Captains batting - Pitching for West Michigan Whitecaps : RHP Jared Barger
|
Batting: RHB Josh Patterson
|
0-0: Fly out, F8 (Line Drive, 89M, EV 104.4 MPH)
|
Batting: LHB Esteban Cordova
|
0-0: Swinging Strike 0-1: Called Strike 0-2: Ball 1-2: Foul Ball, location: 2F 1-2: Foul Ball, location: 2F 1-2: Ball 2-2: Foul Ball, location: 2F 2-2: Foul Ball, location: 2F 2-2: Strikes out swinging
|
Batting: LHB Frank Hill
|
0-0: Foul Ball, location: 2F 0-1: Ball 1-1: Swinging Strike 1-2: Foul Ball, location: 2F 1-2: Foul Ball, location: 2F 1-2: Foul Ball, location: 2F 1-2: Ball 2-2: Ball 3-2: Base on Balls
|
Pitching: RHP Alan Grossfeld
|
|
Batting: RHB Carlos Abrego
|
0-0: Ball 1-0: Foul Ball, location: 2F 1-1: Ball 2-1: SINGLE (Line Drive, 3D, EV 94.4 MPH) Frank Hill to second Runner from 2nd tries for 3rd, SAFE, throw by RF made to third
|
Batting: RHB Willie Gonzales
|
0-0: Foul Ball, location: 2F 0-1: Ball 1-1: Ball 2-1: Foul Ball, location: 2F 2-2: Foul Ball, location: 2F 2-2: Foul Ball, location: 2F 2-2: Strikes out looking
|
Bottom of the 6th over - 0 runs, 1 hit, 0 errors, 2 left on base; West Michigan 7 - Lake County 1 |
TOP OF THE 7TH |
West Michigan Whitecaps batting - Pitching for Lake County Captains : RHP Mike Borell
|
Batting: RHB J.J. Basil
|
0-0: Called Strike 0-1: Ball 1-1: Ball 2-1: Called Strike 2-2: Strikes out looking
|
Batting: LHB Afanasy Zasekin
|
0-0: Ball 1-0: Foul Ball, location: 2F 1-1: Ball 2-1: Ground out 3-1 (Groundball, 34, EV 106.2 MPH)
|
Batting: RHB Joel Miller
|
0-0: Ball 1-0: Foul Ball, location: 2F 1-1: Swinging Strike 1-2: Strikes out swinging
|
Top of the 7th over - 0 runs, 0 hits, 0 errors, 0 left on base; West Michigan 7 - Lake County 1 |
BOTTOM OF THE 7TH |
Lake County Captains batting - Pitching for West Michigan Whitecaps : RHP Alan Grossfeld
|
Batting: RHB Steve Gusman
|
0-0: Called Strike 0-1: Ball 1-1: Foul Ball, location: 2F 1-2: Foul Ball, location: 2F 1-2: Ball 2-2: SINGLE (Line Drive, 6MD, EV 106.9 MPH)
|
Batting: RHB Tony Gonzales
|
0-0: Ball 1-0: SINGLE (Groundball, 56, EV 105.0 MPH) (infield hit) Steve Gusman to second
|
Batting: RHB Juan Ordonez
|
0-0: Ball 1-0: Ball 2-0: Fly out, F9 (Flyball, 9S, EV 92.5 MPH)
|
Batting: RHB Chris Fitzgerald
|
0-0: Swinging Strike 0-1: Foul Ball, location: 2F 0-2: Foul Ball, location: 2F 0-2: Grounds into double play, 5-4-3 (Groundball, 56, EV 88.1 MPH)
|
Bottom of the 7th over - 0 runs, 2 hits, 0 errors, 1 left on base; West Michigan 7 - Lake County 1 |
TOP OF THE 8TH |
West Michigan Whitecaps batting - Pitching for Lake County Captains : RHP Mike Borell
|
Batting: RHB Keith Hoffman
|
0-0: Ball 1-0: Foul Ball, location: 2F 1-1: Swinging Strike 1-2: Ball 2-2: Fly out, F5 (Line Drive, 5, EV 69.4 MPH)
|
Batting: RHB Norm Wood
|
0-0: Called Strike 0-1: Ground out 5-3 (Groundball, 56, EV 97.5 MPH)
|
Batting: LHB Nick Nino
|
0-0: Swinging Strike 0-1: Ball 1-1: Called Strike 1-2: Ball 2-2: Strikes out swinging
|
Top of the 8th over - 0 runs, 0 hits, 0 errors, 0 left on base; West Michigan 7 - Lake County 1 |
BOTTOM OF THE 8TH |
Lake County Captains batting - Pitching for West Michigan Whitecaps : RHP Alan Grossfeld
|
Batting: RHB Josh Patterson
|
0-0: Ball 1-0: SINGLE (Flyball, 89S, EV 92.5 MPH)
|
Batting: LHB Esteban Cordova
|
0-0: Called Strike 0-1: Called Strike 0-2: Ball 1-2: SINGLE (Flyball, 78S, EV 88.1 MPH) Josh Patterson to second
|
Pitching: LHP Jim Belcher
|
|
Pinch Hitting: RHB Ricky Deen
|
0-0: Called Strike 0-1: Called Strike 0-2: Strikes out looking
|
Batting: RHB Carlos Abrego
|
0-0: Foul Ball, location: 2F 0-1: Ground out 5-3 (Groundball, 5D, EV 105.0 MPH) Josh Patterson to third Esteban Cordova to second
|
Batting: RHB Willie Gonzales
|
0-0: Ground out 1-3 (Groundball, 15, EV 76.9 MPH)
|
Bottom of the 8th over - 0 runs, 2 hits, 0 errors, 2 left on base; West Michigan 7 - Lake County 1 |
TOP OF THE 9TH |
West Michigan Whitecaps batting - Pitching for Lake County Captains : RHP Mike Borell
|
Now in RF: Dustin Taylor
|
|
Batting: RHB Janne Vihko
|
0-0: Ground out 5-3 (Groundball, 56, EV 103.8 MPH)
|
Batting: RHB Tanner Purchase
|
0-0: Called Strike 0-1: Called Strike 0-2: Ball 1-2: Strikes out swinging
|
Batting: LHB Jon Frederick
|
0-0: Ball 1-0: Called Strike 1-1: Swinging Strike 1-2: Ball 2-2: Ball 3-2: Foul Ball, location: 2F 3-2: Foul Ball, location: 2F 3-2: Strikes out swinging
|
Top of the 9th over - 0 runs, 0 hits, 0 errors, 0 left on base; West Michigan 7 - Lake County 1 |
BOTTOM OF THE 9TH |
Lake County Captains batting - Pitching for West Michigan Whitecaps : LHP Jim Belcher
|
Batting: RHB Steve Gusman
|
0-0: Ball 1-0: Ball 2-0: Foul Ball, location: 2F 2-1: Foul Ball, location: 2F 2-2: Strikes out looking
|
Batting: RHB Tony Gonzales
|
0-0: Ball 1-0: Foul Ball, location: 2F 1-1: Swinging Strike 1-2: Strikes out swinging
|
Batting: RHB Juan Ordonez
|
0-0: Ball 1-0: Ground out 5-3 (Groundball, 56, EV 110.0 MPH)
|
Bottom of the 9th over - 0 runs, 0 hits, 0 errors, 0 left on base; West Michigan 7 - Lake County 1 |
|